 Seeded DCSS version 0.30-a0-476-g330ca2eb8e (webtiles) character file.

Game seed: 16792993399291170163 (custom seed)

14546 purpskrrrp the Cleaver (level 12, -6/132 HPs)
             Began as an Ogre Fighter on Dec 22, 2022.
             Constricted to death by Jorgrun (13 damage)
             ... on level 11 of the Dungeon.
             The game lasted 00:20:54 (11810 turns).

purpskrrrp the Cleaver (Ogre Fighter)              Turns: 11810, Time: 00:20:55

Health: -6/132     AC: 11    Str: 27    XL:     12   Next: 17%
Magic:  0/12       EV:  3    Int: 15    God:
Gold:   2356       SH: 11    Dex: 12    Spells: 11/11 levels left

rFire   . . .      SeeInvis .    l - +8 mithril axe "Arga" {speed, Will+}
rCold   . . .      Faith    .    c - +1 kite shield
rNeg    . . .      Spirit   +    f - +1 storm dragon scales "Wiheim" {rElec Dex+4}
rPois   .          Reflect  .    (helmet restricted)
rElec   +          Harm     .    (no cloak)
rCorr   +          Rampage  .    (gloves unavailable)
Will    ++...                    (boots unavailable)
Stlth   ..........               m - amulet of guardian spirit
HPRegen 0.42/turn                k - +6 ring of intelligence
MPRegen 0.13/turn                e - ring of resist corrosion

@: grasped by roots, corroded, constricted
A: large, unfitting armour, tough skin 1
a: no special abilities


You were on level 11 of the Dungeon.
You visited 1 branch of the dungeon, and saw 12 of its levels.
You also visited: Bailey.

You collected 2468 gold pieces.
You spent 112 gold pieces at shops.

Inventory:

Hand Weapons
 a - a +2 war axe
 l - the +8 mithril axe "Arga" (weapon) {speed, Will+}
   (You acquired it on level 2 of the Dungeon)

   Attacks with this weapon are significantly faster.
   Will:      It increases your willpower.
Missiles
 r - 15 boomerangs (quivered)
 B - 4 throwing nets
 E - 14 datura-tipped darts
Armour
 b - a +0 robe
 c - a +1 kite shield (worn)
 f - the +1 storm dragon scales "Wiheim" (worn) {rElec Dex+4}
   (You acquired it on level 4 of the Dungeon)

   Dex:       It affects your dexterity (+4).
   rElec:     It insulates you from electricity.
Jewellery
 e - a ring of resist corrosion (right hand)
 h - a ring of ice
 k - a +6 ring of intelligence (left hand)
 m - an amulet of guardian spirit (around neck)
 x - a +6 ring of strength
Wands
 A - a wand of iceblast (35)
 C - a wand of flame (27)
 F - a wand of acid (2)
 H - a wand of charming (12)
 I - a wand of polymorph (4)
Scrolls
 g - 4 scrolls of noise
 i - 3 scrolls of vulnerability
 j - 5 scrolls of teleportation
 n - 4 scrolls of poison
 o - 3 scrolls of amnesia
 p - a scroll of blinking
 v - 2 scrolls of identify
 y - a scroll of immolation
 D - a scroll of magic mapping
 G - a scroll of silence {unknown}
Potions
 d - 3 potions of might
 q - a potion of mutation
 s - a potion of flight
 t - 3 potions of attraction
 u - 2 potions of haste
 w - 2 potions of curing
 z - a potion of berserk rage
 J - a potion of brilliance {unknown}


   Skills:
 + Level 12.2 Fighting
 * Level 12.5 Axes
 + Level 6.8 Armour
 - Level 2.9 Dodging
 + Level 9.4 Shields


You had 11 spell levels left.
You didn't know any spells.
Your spell library contained the following spells:

 Spells                   Type           Power      Damage    Failure   Level
 Apportation              Tloc           0%         N/A       95%         1
 Necrotise                Necr           0%         1d4       95%         1
 Summon Small Mammal      Summ           0%         N/A       95%         1
 Ensorcelled Hibernation  Hex/Ice        0%         N/A       99%         2
 Passwall                 Tmut/Erth      0%         N/A       99%         2
 Static Discharge         Conj/Air       0%         2-2/arc   99%         2
 Call Canine Familiar     Summ           0%         N/A       100%        3
 Portal Projectile        Hex/Tloc       0%         N/A       100%        3
 Swiftness                Air            0%         N/A       100%        3
 Vhi's Electric Charge    Tloc/Air       0%         N/A       100%        3
 Leda's Liquefaction      Hex/Erth       0%         N/A       100%        4
 Summon Lightning Spire   Summ/Air       0%         N/A       100%        4
 Arcjolt                  Conj/Air       0%         1d10      100%        5
 Lightning Bolt           Conj/Air       0%         1d11      100%        5
 Storm Form               Tmut/Air       0%         N/A       100%        7
 Maxwell's Capacitive Co  Air            0%         ∞         100%        8


Dungeon Overview and Level Annotations

Branches:
Dungeon (12/15)            Temple (0/1) D:7            Lair (0/5) D:8
    Orc (0/2) D:9          Bailey (visited)

Altars:
Ashenzari
Cheibriados
Dithmenos
Elyvilon
Fedhas
Gozag
Hepliaklqana
Kikubaaqudgha
Makhleb
Nemelex Xobeh
Okawaru
Ru
Sif Muna
Uskayaw
Yredelemnul
Zin
The Shining One

Shops:
D:5 (?

Annotations:
D:4 1 runed translucent door, SirDiesAlot's ghost, amateur DEFE
D:7 2 transporters, kurumiz's ghost, amateur OgGl
D:11 Jorgrun


Innate Abilities, Weirdness & Mutations

You are too large for most types of armour.
You have tough skin. (AC +1)


Message History

* * * LOW HITPOINT WARNING * * *
The vampire mosquito draws strength from your injuries!
You climb upwards.
There is a stone staircase leading down here.
You closely miss Jorgrun.
Jorgrun is severely wounded.
You slash the vampire mosquito! You hit the vampire mosquito.
The vampire mosquito bites you but does no damage. x2
Jorgrun hits you with a staff of earth!
* * * LOW HITPOINT WARNING * * *
Jorgrun shatters you.
* * * LOW HITPOINT WARNING * * *
Okay, then.
Blink to where?
Press: ? - help, Dir - move target
As you read the scroll of blinking, it crumbles to dust.
Jorgrun casts a spell at you.
Roots burst forth from the earth!
The grasping roots grab you! The grasping roots constrict you!
* * * LOW HITPOINT WARNING * * *
Blink to where?
Press: ? - help, Dir - move target The roots grasp on you weakens, but your attempt to escape fails.
As you read the scroll of blinking, it crumbles to dust.
Jorgrun points next to you and mumbles some strange words.
The wall shatters!
The blast of rock fragments hits you!
* * * LOW HITPOINT WARNING * * *
The grasping roots constrict you.
* * * LOW HITPOINT WARNING * * *
Aiming: Corrosive Bolt
Press: ? - help, Shift-Dir - straight line
Okay, then.
Aiming: Iceblast
Press: ? - help, Shift-Dir - straight line The mass of ice explodes!
The iceblast engulfs Jorgrun!
Jorgrun is almost dead.
Jorgrun says, "May tha earth consume ye!"
The grasping roots constrict you!
You die...

#################################
.................................
#####.......................#####
#####....>.g................#####
.................................
......######.y.y@...<............
......# #..#########..########
......######..#########..##### ##
............................<###.
............................##...
#####.......................#....
#.......................#...#
#####.......................#.##.
............................#....


You could see Jorgrun and 2 vampire mosquitoes.

Vanquished Creatures
  Harold (D:9)
  Erica (D:9)
  2 two-headed ogres
  An orc knight (Bailey)
  An orc sorcerer (D:11)
  Maggie (D:9)
  2 unseen horrors
  A komodo dragon (D:9)
  A troll (D:11)
  5 hornets (D:11)
  Prince Ribbit (D:9)
  2 wyverns
  2 wraiths
  16 yaks
  2 basilisks (D:8)
  A steam dragon (D:8)
  2 acid dragons
  3 water moccasins
  A floating eye (D:11)
  9 orc warriors
  2 sky beasts
  2 ice beasts (D:8)
  A black bear (D:5)
  2 ogres
  7 centaurs
  A phantom (D:5)
  8 kobold brigands
  2 bullfrogs
  7 wights
  9 killer bees (D:9)
  8 howler monkeys
  2 hounds (D:6)
  3 jellies
  12 orc priests
  A gnoll bouda (D:6)
  Jessica (D:3)
  3 iguanas
  7 orc wizards
  Robin (D:4)
  12 gnolls
  9 adders
  An ufetubus (D:4)
  2 worms (D:2)
  30 orcs
  8 ball pythons
  4 bats
  6 endoplasms
  2 giant cockroaches (D:2)
  14 goblins
  9 hobgoblins
  5 jackals
  5 quokkas
  2 frilled lizards
  29 kobolds
  2 rats (D:1)
274 creatures vanquished.

Notes
Turn   | Place    | Note
-------+----------+-------------------------------------------
     0 | D:1      | purpskrrrp the Ogre Fighter began the quest for the Orb.
     0 | D:1      | Reached XP level 1. HP: 24/24 MP: 1/1
   165 | D:1      | Reached XP level 2. HP: 30/32 MP: 2/2
   923 | D:1      | Reached XP level 3. HP: 37/40 MP: 3/3
  1221 | D:2      | Identified a scroll of acquirement
  1221 | D:2      | Acquired the +8 mithril axe "Arga" {speed, Will+}
  1221 | D:2      | Found the +8 mithril axe "Arga" {speed, Will+}
  1526 | D:2      | Reached XP level 4. HP: 45/49 MP: 4/4
  1642 | D:2      | Reached skill level 5 in Fighting
  1821 | D:2      | Found a faded altar of an unknown god.
  1859 | D:2      | You fall into a shaft and drop 2 floors!
  1917 | D:3      | Reached XP level 5. HP: 53/57 MP: 5/5
  1999 | D:3      | Found a shadowy altar of Dithmenos.
  2003 | D:3      | Found an ancient bone altar of Kikubaaqudgha.
  2003 | D:3      | Found an iron altar of Okawaru.
  2011 | D:3      | Found a sparkling altar of Nemelex Xobeh.
  2014 | D:3      | Found a hide-covered altar of Uskayaw.
  2145 | D:3      | Noticed Jessica
  2149 | D:3      | Killed Jessica
  2692 | D:4      | Noticed Robin
  2705 | D:4      | Killed Robin
  2994 | D:4      | Found a basalt altar of Yredelemnul.
  3004 | D:4      | Noticed an ogre
  3009 | D:4      | Killed an ogre
  3010 | D:4      | Reached XP level 6. HP: 42/67 MP: 6/6
  3139 | D:4      | Acquired the +1 storm dragon scales "Wiheim" {rElec Dex+4}
  3225 | D:4      | Found a runed translucent door.
  3225 | D:4      | Noticed SirDiesAlot's ghost (amateur DEFE)
  3555 | D:5      | Entered Level 5 of the Dungeon
  3555 | D:5      | Found Utyak's Magic Scroll Emporium.
  3562 | D:5      | Bought a scroll of identify for 28 gold pieces
  3562 | D:5      | Bought a scroll of identify for 28 gold pieces
  3562 | D:5      | Bought a scroll of identify for 28 gold pieces
  3562 | D:5      | Bought a scroll of identify for 28 gold pieces
  3790 | D:5      | Noticed a black bear
  3795 | D:5      | Killed a black bear
  3796 | D:5      | Reached skill level 5 in Axes
  3796 | D:5      | Reached skill level 1 in Armour
  3796 | D:5      | Reached XP level 7. HP: 70/75 MP: 5/7
  4096 | D:5      | Found Toxkas's Antique Weapon Shop.
  4219 | D:6      | Reached skill level 5 in Shields
  4331 | D:6      | Reached XP level 8. HP: 85/87 MP: 8/8
  5145 | D:7      | Noticed a wyvern
  5145 | D:7      | Found a transporter.
  5212 | D:7      | Noticed kurumiz's ghost (amateur OgGl)
  5233 | D:7      | Found a staircase to the Ecumenical Temple.
  5445 | D:7      | Killed a wyvern
  5446 | D:7      | Reached XP level 9. HP: 95/96 MP: 7/9
  5540 | D:7      | Noticed a two-headed ogre
  5633 | D:7      | Found a transporter.
  5917 | D:8      | Found a sacrificial altar of Ru.
  6171 | D:8      | Found a staircase to the Lair.
  6462 | D:8      | Reached XP level 10. HP: 107/107 MP: 10/10
  6489 | D:8      | Found a flagged portal.
  6504 | Bailey   | Entered a bailey
  6614 | Bailey   | Noticed an orc knight
  6641 | Bailey   | Killed an orc knight
  7005 | Bailey   | Found a burning altar of Makhleb.
  7957 | D:9      | Found a hazy altar of Hepliaklqana.
  7957 | D:9      | Found an opulent altar of Gozag.
  7974 | D:9      | Reached skill level 10 in Fighting
  7974 | D:9      | Reached skill level 10 in Axes
  7974 | D:9      | Reached skill level 5 in Armour
  7983 | D:9      | Found a staircase to the Orcish Mines.
  7984 | D:9      | Noticed Prince Ribbit
  7986 | D:9      | Noticed Maggie
  8177 | D:9      | Noticed Harold
  8194 | D:9      | Killed Harold
  8269 | D:9      | Noticed Erica
  8287 | D:9      | Killed Erica
  8288 | D:9      | Reached XP level 11. HP: 74/119 MP: 3/11
  8439 | D:9      | Found a broken altar of Ashenzari.
  8439 | D:9      | Found a faded altar of an unknown god.
  8447 | D:9      | Found a shimmering blue altar of Sif Muna.
  8449 | D:9      | Found a faded altar of an unknown god.
  8451 | D:9      | Found a snail-covered altar of Cheibriados.
  8502 | D:9      | Killed Maggie
  8584 | D:9      | Killed Prince Ribbit
  8705 | D:9      | Noticed a two-headed ogre
  8710 | D:9      | Killed a two-headed ogre
  9475 | D:10     | Entered Level 10 of the Dungeon
  9475 | D:10     | Found a glowing golden altar of the Shining One.
  9475 | D:10     | Found a glowing silver altar of Zin.
  9475 | D:10     | Found a white marble altar of Elyvilon.
 10008 | D:10     | Found a burning altar of Makhleb.
 10102 | D:10     | Found a blossoming altar of Fedhas.
 10106 | D:10     | Noticed a two-headed ogre
 10115 | D:10     | Killed a two-headed ogre
 10462 | D:10     | Acquired 1262 gold pieces
 11109 | D:11     | Reached XP level 12. HP: 132/132 MP: 12/12
 11275 | D:11     | Paralysed by a floating eye for 4 turns
 11294 | D:11     | Paralysed by a hornet for 1 turns
 11301 | D:11     | Paralysed by a hornet for 2 turns
 11793 | D:12     | Noticed Jorgrun
 11809 | D:11     | HP: 6/132 [constriction (1)]
 11810 | D:11     | Constricted to death by Jorgrun

Illustrated notes

Levels and vault maps discovered:
D:1:      lemuel_arrival_tunnels, layout_basic
D:2:      layout_basic, nicolae_ecumenical_lake_church, serial_forest,
          infiniplex_forest_clump_small, infiniplex_forest_clump_small,
          infiniplex_forest_straight_3, infiniplex_forest_straight_1,
          infiniplex_forest_lined_2
D:3:      layout_loops_corners, minmay_overflow_temple_star_hex, uniq_jessica
D:4:      layout_basic, yredelemnul_altar_generic, gammafunk_ghost_grave,
          uniq_robin
D:5:      layout_gridville, serial_shops, kennysheep_mini, abandoned_shop,
          nicolae_stop_n_shop_1
D:6:      layout_basic
D:7:      layout_cave_pools, minmay_temple_entry_offerings,
          gammafunk_ghost_arena
D:8:      layout_basic, mainiacjoe_overflow_24_doors, david_lair_generic,
          lightli_bailey_entry_fortress
D:9:      layout_stronghold, chequers_temple_overflow_minitemple,
          mainiacjoe_overflow_divided_tiny, minmay_orc_entry_temple_small,
          grunt_decor_junction, eino_jars, uniq_prince_ribbit1, uniq_harold,
          uniq_maggie, uniq_erica
D:10:     layout_loops_ring, dreamdust_divine_triumvirate, fedhas_altar_2,
          serial_glass, glass_columns_c, glass_columns_a, glass_columns_c,
          glass_columns_a, glass_columns_c, glass_columns_b, glass_columns_c,
          glass_columns_a, nrook_loot_triangle, david_defended_altar_orc
D:11:     hellmonk_paralyzer, layout_long_grid
D:12:     layout_loops_ring, uniq_azrael, uniq_snorg, uniq_jorgrun

Skill      XL: |  1  2  3  4  5  6  7  8  9 10 11 12 |
---------------+-------------------------------------+-----
Fighting       | 5 6 7 8 9 10 11 12 | 12.2
Axes           | 3 4 5 6 7 9 10 12 | 12.5
Shields        | 4 5 6 8 9 |  9.4
Armour         | 1 2 3 4 5 6 |  6.8
Dodging        | |  2.9

Action                   |  1- 3 |  4- 6 |  7- 9 | 10-12 || total
-------------------------+-------+-------+-------+-------++-------
Melee: War axe           |    79 |       |       |       ||    79
       Broad axe         |    20 |    89 |   179 |   324 ||   612
Throw: Boomerang         |       |       |       |   167 ||   167
Evoke: Wand              |       |       |       |     2 ||     2
  Use: Scroll            |     1 |    13 |       |    15 ||    29
       Potion            |     1 |       |       |     3 ||     4
 Stab: Sleeping          |       |     1 |       |       ||     1
       Invisible         |       |       |       |     2 ||     2
Armor: Robe              |    31 |    13 |       |       ||    44
       Storm dragon scal |       |    12 |    58 |   140 ||   210
Dodge: Dodged            |    33 |    20 |    34 |    81 ||   168
Block: Kite shield       |    33 |    28 |    68 |   189 ||   318

Table legend: (Time is in decaauts)
 A = Elapsed time spent in this place.
 B = Non-inter-level travel time spent in this place.
 C = Inter-level travel time spent in this place.
 D = Time resting spent in this place.
 E = Time spent auto-exploring this place.
 F = Levels seen in this place.
 G = Mean time per level.
                   A        B        C        D        E       F      G
               +--------+--------+--------+--------+--------+-----+--------+
         Total |  11872 |  11523 |    349 |   1638 |   8064 |  13 |  913.2 |
       Dungeon |  11311 |  10962 |    349 |   1410 |   7875 |  12 |  942.6 |
        Bailey |    561 |    561 |      0 |    228 |    188 |   1 |  561.0 |
               +--------+--------+--------+--------+--------+-----+--------+

Top non-repeatable levels by time:
     D:9: 1689 daAuts
    D:10: 1368 daAuts
     D:8: 1356 daAuts
     D:1: 1172 daAuts
     D:6: 976 daAuts
    D:11: 956 daAuts
     D:4: 920 daAuts
     D:3: 779 daAuts
     D:2: 728 daAuts
     D:7: 694 daAuts
     D:5: 657 daAuts
  Bailey: 561 daAuts
    D:12: 10 daAuts
